[ PARTIDA AOE2 · #495745948 ]
UnrankedJaponeses vs Armenians
Equipo del jugador · DERR
Equipo rival · VICT
[ ANÁLISIS DE REPETICIÓN · EXTRAÍDO DE LA PARTIDA GRABADA ]
Feudal
8:56
Castillos
21:51
Imperial
—
| APM promedio | 74.4 |
| APM pico | 124 |
| eAPM promedio | 33.1 |
| Aldeanos / militares | 94 / 60 |
Foco
⚔️ 59.7% · 🌾 40.3%
Archer ×46 · Mangonel ×7 · Militia ×5 · Skirmisher ×2
Feudal
8:36
Castillos
22:05
Imperial
34:52
| APM promedio | 64.4 |
| APM pico | 118 |
| eAPM promedio | 20.1 |
| Aldeanos / militares | 87 / 52 |
Foco
⚔️ 22.4% · 🌾 77.6%
Skirmisher ×40 · Archer ×4 · Militia ×4 · Monk ×2 · Mangonel ×2
Mapa de la partida
Recursos iniciales + cada clic de construcción. Líneas = muros · curvas = relieve. ◆ oro · ⬟ piedra · ● bayas · ✦ reliquia · ◌ hueco del cierre
Tu base· ✓ Cerrada en 21:51 · 36t muro · 1 puerta(s)
Base de King-Arthur· Abierta — el rival se encerró
Terreno inicial suavizado · ◌ = hueco del cierre detectado · pasá el cursor para detalles
Inputs por minuto
— Brauer - - King-Arthur
Build order — Brauer
Primeras 150 de 285 acciones detectadas
| 0:00 | Encolar | Villager (Male) |
| 0:01 | Encolar | Villager (Male) |
| 0:02 | Construir | House |
| 0:03 | Construir | House |
| 0:16 | Encolar | Villager (Male) |
| 0:23 | Encolar | Villager (Male) |
| 1:25 | Encolar | Villager (Male) |
| 1:52 | Construir | Lumber Camp |
| 1:59 | Encolar | Villager (Male) |
| 2:15 | Encolar | Villager (Male) |
| 2:45 | Encolar | Villager (Male) |
| 3:08 | Encolar | Villager (Male) |
| 3:23 | Construir | House |
| 3:33 | Construir | Mill |
| 3:45 | Encolar | Villager (Male) |
| 3:59 | Encolar | Villager (Male) |
| 4:33 | Encolar | Villager (Male) |
| 4:40 | Construir | House |
| 4:47 | Encolar | Villager (Male) |
| 5:08 | Encolar | Villager (Male) |
| 5:14 | Encolar | Villager (Male) |
| 5:18 | Investigar | Loom |
| 6:22 | Construir | Barracks |
| 6:46 | Investigar | Feudal Age |
| 6:56 | Construir | Mining Camp |
| 7:14 | Encolar | Militia |
| 7:14 | Encolar | Militia |
| 7:41 | Encolar | Militia |
| 8:14 | Encolar | Villager (Male) |
| 8:28 | Construir | House |
| 8:29 | Construir | House |
| 8:56 | Edad | Edad Feudal |
| 9:00 | Investigar | Man-at-Arms (upgrade) |
| 9:13 | Encolar | Militia |
| 9:25 | Encolar | Villager (Male) |
| 9:29 | Construir | Archery Range |
| 9:40 | Encolar | Villager (Male) |
| 9:59 | Encolar | Militia |
| 10:10 | Construir | Palisade Wall |
| 10:15 | Encolar | Villager (Male) |
| 10:22 | Construir | Palisade Wall |
| 10:22 | Construir | Palisade Wall |
| 10:24 | Construir | Palisade Wall |
| 10:36 | Construir | Lumber Camp |
| 10:38 | Encolar | Villager (Male) |
| 10:46 | Encolar | Archer |
| 10:48 | Construir | Farm |
| 10:50 | Construir | Farm |
| 10:54 | Encolar | Skirmisher |
| 10:57 | Encolar | Villager (Male) |
| 11:10 | Construir | House |
| 11:11 | Construir | House |
| 11:17 | Encolar | Skirmisher |
| 11:44 | Encolar | Villager (Male) |
| 12:03 | Encolar | Archer |
| 12:07 | Construir | Farm |
| 12:07 | Construir | Farm |
| 12:08 | Construir | Farm |
| 12:09 | Construir | Farm |
| 12:17 | Construir | Mill |
| 12:45 | Encolar | Villager (Male) |
| 12:58 | Construir | Palisade Wall |
| 13:02 | Construir | Farm |
| 13:08 | Construir | Farm |
| 13:15 | Encolar | Villager (Male) |
| 13:17 | Construir | Farm |
| 13:26 | Construir | Palisade Wall |
| 13:27 | Construir | Palisade Wall |
| 13:37 | Encolar | Villager (Male) |
| 13:42 | Encolar | Archer |
| 13:45 | Construir | House |
| 13:46 | Construir | Palisade Wall |
| 13:55 | Encolar | Villager (Male) |
| 14:00 | Encolar | Archer |
| 14:20 | Encolar | Archer |
| 14:21 | Encolar | Villager (Male) |
| 14:28 | Construir | Farm |
| 14:31 | Encolar | Villager (Male) |
| 14:42 | Investigar | Double-Bit Axe |
| 14:56 | Construir | Palisade Wall |
| 15:02 | Encolar | Archer |
| 15:08 | Construir | Farm |
| 15:11 | Encolar | Villager (Male) |
| 15:21 | Encolar | Villager (Male) |
| 15:41 | Construir | Farm |
| 15:51 | Construir | Blacksmith |
| 15:56 | Encolar | Villager (Male) |
| 16:07 | Encolar | Archer |
| 16:14 | Construir | Palisade Gate |
| 16:16 | Encolar | Archer |
| 16:27 | Encolar | Villager (Male) |
| 16:30 | Investigar | Fletching |
| 16:37 | Encolar | Villager (Male) |
| 16:44 | Encolar | Archer |
| 16:50 | Construir | Farm |
| 16:51 | Construir | Farm |
| 17:02 | Encolar | Archer |
| 17:27 | Encolar | Villager (Male) |
| 17:50 | Encolar | Archer |
| 17:53 | Construir | Market |
| 17:56 | Encolar | Villager (Male) |
| 18:06 | Construir | Farm |
| 18:09 | Construir | Farm |
| 18:21 | Encolar | Villager (Male) |
| 18:40 | Construir | House |
| 18:45 | Encolar | Villager (Male) |
| 18:45 | Encolar | Archer |
| 19:04 | Investigar | Castle Age |
| 19:10 | Encolar | Archer |
| 19:49 | Construir | Archery Range |
| 19:55 | Encolar | Archer |
| 20:24 | Construir | House |
| 20:28 | Encolar | Archer |
| 20:32 | Construir | House |
| 20:47 | Encolar | Archer |
| 20:48 | Encolar | Archer |
| 21:24 | Investigar | Padded Archer Armor |
| 21:24 | Encolar | Archer |
| 21:25 | Encolar | Archer |
| 21:27 | Investigar | Gold Mining |
| 21:50 | Encolar | Archer |
| 21:51 | Edad | Edad de los Castillos |
| 21:55 | Investigar | Bodkin Arrow |
| 21:59 | Investigar | Crossbowman (upgrade) |
| 21:59 | Encolar | Villager (Male) |
| 22:03 | Encolar | Archer |
| 22:05 | Investigar | Bow Saw |
| 22:10 | Encolar | Archer |
| 22:26 | Encolar | Archer |
| 22:28 | Construir | Farm |
| 22:32 | Construir | Lumber Camp |
| 22:36 | Encolar | Villager (Male) |
| 22:43 | Encolar | Archer |
| 22:48 | Encolar | Villager (Male) |
| 23:12 | Encolar | Archer |
| 23:21 | Construir | Siege Workshop |
| 23:24 | Encolar | Villager (Male) |
| 23:25 | Encolar | Archer |
| 23:33 | Encolar | Villager (Male) |
| 23:35 | Construir | Town Center |
| 23:38 | Encolar | Villager (Male) |
| 23:41 | Construir | House |
| 23:47 | Construir | House |
| 24:03 | Encolar | Archer |
| 24:03 | Encolar | Archer |
| 24:06 | Encolar | Villager (Male) |
| 24:15 | Encolar | Mangonel |
| 24:15 | Encolar | Mangonel |
| 24:18 | Construir | Farm |
| 24:18 | Construir | Farm |
Build order — King-Arthur
Primeras 150 de 248 acciones detectadas
| 0:01 | Encolar | Villager (Male) |
| 0:01 | Encolar | Villager (Male) |
| 0:02 | Encolar | Villager (Male) |
| 0:02 | Encolar | Villager (Male) |
| 0:02 | Encolar | Villager (Male) |
| 0:04 | Construir | House |
| 0:05 | Construir | House |
| 1:32 | Encolar | Villager (Male) |
| 1:32 | Encolar | Villager (Male) |
| 1:48 | Encolar | Villager (Male) |
| 1:48 | Encolar | Villager (Male) |
| 2:11 | Encolar | Villager (Male) |
| 2:40 | Construir | Mule Cart |
| 2:47 | Encolar | Villager (Male) |
| 2:48 | Encolar | Villager (Male) |
| 3:04 | Construir | House |
| 3:08 | Encolar | Villager (Male) |
| 3:08 | Encolar | Villager (Male) |
| 3:27 | Encolar | Villager (Male) |
| 3:27 | Encolar | Villager (Male) |
| 3:58 | Encolar | Villager (Male) |
| 3:59 | Encolar | Villager (Male) |
| 4:33 | Encolar | Villager (Male) |
| 5:12 | Construir | Barracks |
| 5:14 | Encolar | Villager (Male) |
| 5:18 | Investigar | Loom |
| 5:18 | Investigar | Loom |
| 5:39 | Construir | House |
| 6:26 | Investigar | Feudal Age |
| 6:26 | Investigar | Feudal Age |
| 6:48 | Construir | Mule Cart |
| 7:14 | Encolar | Militia |
| 7:29 | Encolar | Militia |
| 7:30 | Encolar | Militia |
| 8:01 | Encolar | Militia |
| 8:17 | Encolar | Villager (Male) |
| 8:36 | Edad | Edad Feudal |
| 9:00 | Encolar | Villager (Male) |
| 9:24 | Encolar | Villager (Male) |
| 9:24 | Encolar | Villager (Male) |
| 9:29 | Construir | House |
| 9:29 | Construir | House |
| 9:38 | Investigar | Double-Bit Axe |
| 9:39 | Investigar | Double-Bit Axe |
| 10:05 | Encolar | Villager (Male) |
| 10:19 | Encolar | Villager (Male) |
| 10:29 | Construir | Archery Range |
| 10:33 | Construir | House |
| 10:35 | Construir | Palisade Wall |
| 10:38 | Encolar | Villager (Male) |
| 10:52 | Construir | House |
| 11:00 | Construir | Palisade Wall |
| 11:01 | Construir | Palisade Wall |
| 11:03 | Encolar | Villager (Male) |
| 11:16 | Encolar | Archer |
| 11:16 | Encolar | Archer |
| 11:29 | Encolar | Villager (Male) |
| 12:02 | Encolar | Villager (Male) |
| 12:02 | Encolar | Villager (Male) |
| 12:09 | Construir | Mill |
| 12:18 | Construir | House |
| 12:19 | Construir | House |
| 12:23 | Encolar | Archer |
| 12:24 | Encolar | Archer |
| 12:47 | Construir | Farm |
| 12:47 | Construir | Farm |
| 12:57 | Construir | Farm |
| 12:57 | Construir | Farm |
| 13:12 | Encolar | Villager (Male) |
| 13:12 | Encolar | Villager (Male) |
| 13:17 | Construir | Farm |
| 13:21 | Construir | Farm |
| 13:44 | Construir | House |
| 13:45 | Construir | House |
| 13:46 | Encolar | Villager (Male) |
| 13:59 | Encolar | Skirmisher |
| 14:16 | Encolar | Skirmisher |
| 14:18 | Encolar | Villager (Male) |
| 14:24 | Encolar | Villager (Male) |
| 14:41 | Construir | Farm |
| 14:45 | Construir | Farm |
| 14:50 | Encolar | Skirmisher |
| 14:53 | Encolar | Villager (Male) |
| 14:58 | Encolar | Villager (Male) |
| 15:08 | Encolar | Skirmisher |
| 15:23 | Construir | Palisade Wall |
| 15:27 | Encolar | Villager (Male) |
| 15:33 | Encolar | Skirmisher |
| 15:34 | Encolar | Villager (Male) |
| 15:34 | Encolar | Villager (Male) |
| 15:47 | Construir | Farm |
| 15:53 | Encolar | Skirmisher |
| 16:12 | Encolar | Villager (Male) |
| 16:12 | Encolar | Villager (Male) |
| 16:30 | Construir | Blacksmith |
| 16:34 | Encolar | Villager (Male) |
| 16:37 | Construir | House |
| 16:46 | Construir | House |
| 17:05 | Construir | Palisade Gate |
| 17:51 | Encolar | Villager (Male) |
| 18:03 | Construir | Farm |
| 18:03 | Construir | Farm |
| 18:04 | Construir | Farm |
| 18:04 | Construir | Farm |
| 18:16 | Construir | Farm |
| 18:16 | Construir | Farm |
| 18:21 | Encolar | Villager (Male) |
| 18:33 | Construir | Market |
| 18:50 | Encolar | Villager (Male) |
| 18:55 | Construir | Farm |
| 18:55 | Construir | Farm |
| 19:25 | Investigar | Castle Age |
| 19:26 | Investigar | Castle Age |
| 20:12 | Investigar | Horse Collar |
| 20:12 | Investigar | Horse Collar |
| 20:20 | Investigar | Fletching |
| 20:20 | Investigar | Fletching |
| 20:34 | Encolar | Skirmisher |
| 20:37 | Encolar | Skirmisher |
| 20:45 | Encolar | Villager (Male) |
| 21:22 | Encolar | Skirmisher |
| 21:22 | Encolar | Villager (Male) |
| 21:25 | Investigar | Padded Archer Armor |
| 22:05 | Edad | Edad de los Castillos |
| 22:06 | Investigar | Elite Skirmisher (upgrade) |
| 22:07 | Investigar | Bodkin Arrow |
| 22:11 | Encolar | Villager (Male) |
| 22:14 | Investigar | Bow Saw |
| 22:19 | Construir | Farm |
| 22:24 | Construir | Farm |
| 22:29 | Encolar | Villager (Male) |
| 22:40 | Investigar | Gold Mining |
| 22:57 | Encolar | Villager (Male) |
| 23:20 | Construir | Monastery |
| 23:24 | Encolar | Villager (Male) |
| 23:27 | Construir | Farm |
| 24:20 | Encolar | Monk |
| 24:20 | Encolar | Villager (Male) |
| 24:23 | Encolar | Skirmisher |
| 24:23 | Encolar | Skirmisher |
| 24:23 | Encolar | Skirmisher |
| 24:28 | Encolar | Villager (Male) |
| 24:34 | Construir | Town Center |
| 24:39 | Investigar | Wheelbarrow |
| 24:51 | Investigar | Town Watch |
| 24:53 | Investigar | Wheelbarrow |
| 24:53 | Encolar | Villager (Male) |
| 24:54 | Encolar | Villager (Male) |
| 25:20 | Construir | University |
| 25:25 | Encolar | Monk |
Cronología de la partida
| 5:12 | King-Arthur · first_building Barracks |
| 6:22 | Brauer · first_building Barracks |
| 8:36 | King-Arthur · age_up feudal |
| 8:56 | Brauer · age_up feudal |
| 9:29 | Brauer · first_building Archery Range |
| 10:10 | Brauer · wall_segment Palisade Wall x4 |
| 10:22 | Brauer · wall_segment Palisade Wall x1 |
| 10:22 | Brauer · wall_segment Palisade Wall x1 |
| 10:24 | Brauer · wall_segment Palisade Wall x3 |
| 10:29 | King-Arthur · first_building Archery Range |
| 10:35 | King-Arthur · wall_segment Palisade Wall x4 |
| 11:00 | King-Arthur · wall_segment Palisade Wall x2 |
| 11:01 | King-Arthur · wall_segment Palisade Wall x1 |
| 12:58 | Brauer · wall_segment Palisade Wall x4 |
| 13:26 | Brauer · wall_segment Palisade Wall x11 |
| 13:27 | Brauer · wall_segment Palisade Wall x10 |
| 13:46 | Brauer · wall_segment Palisade Wall x1 |
| 14:56 | Brauer · wall_segment Palisade Wall x1 |
| 15:23 | King-Arthur · wall_segment Palisade Wall x7 |
| 18:59 | Brauer · first_market_sell 100 wood |
| 20:19 | King-Arthur · first_market_buy 100 food |
| 21:51 | Brauer · age_up castle |
| 22:05 | King-Arthur · age_up castle |
| 23:20 | King-Arthur · first_building Monastery |
| 23:21 | Brauer · first_building Siege Workshop |
| 26:55 | King-Arthur · first_building Siege Workshop |
| 31:16 | King-Arthur · first_market_sell 100 wood |
| 33:39 | Brauer · first_building Castle |
| 34:52 | King-Arthur · age_up imperial |
| 35:12 | Brauer · resign |
[ ANÁLISIS IA · 1 CRÉDITO ]
¿Qué pasó realmente en esta partida?
Wolo.gg analiza cada decisión: build order, eco, micro, errores típicos por bracket. Análisis personalizado por WhatsApp o Discord en 30 segundos.
Guía civ
Japoneses
Perfil
Jugador #1840848